 Dungeon Crawl Stone Soup version 0.21.0-3-g78d12a8 (webtiles) character file.

155 mopl the Sneak (level 5, -1/28 HPs)
             Began as a Tengu Enchanter on Jan 11, 2018.
             Killed by nerve-wracking pain
             ... invoked by an orc priest
              (13 damage)
             ... on level 3 of the Dungeon.
             The game lasted 00:04:28 (2318 turns).

mopl the Sneak (Tengu Enchanter)                    Turns: 2318, Time: 00:04:29

Health: -1/28      AC:  4    Str:  8    XL:     5   Next: 37%
Magic:  0/9        EV: 13    Int: 15    God:
Gold:   138        SH:  0    Dex: 16    Spells: 3/9 levels left

rFire    + . .     SeeInvis .   a - +1 dagger
rCold    . . .     Gourm    .   (no shield)
rNeg     . . .     Faith    .   b - +0 robe
rPois    .         Spirit   +   (helmet restricted)
rElec    .         Reflect  .   r - +0 cloak
rCorr    .         Harm     .   v - +0 pair of gloves
MR       .....                  (boots unavailable)
Stlth    +++.......             k - amulet of guardian spirit
HPRegen  0.09/turn              q - ring of protection from fire
MPRegen  0.11/turn              (no ring)

@: very slightly contaminated
A: beak, talons 3, able to fly 1
a: Fly


You were on level 3 of the Dungeon.
You were not hungry.

You visited 1 branch of the dungeon, and saw 3 of its levels.

You collected 138 gold pieces.

Inventory:

Hand Weapons
 a - a +1 dagger (weapon)
 s - a +2 quarterstaff of chaos
Missiles
 i - a throwing net (quivered)
 w - 3 tomahawks
Armour
 b - a +0 robe (worn)
 m - a +0 buckler
 r - a +0 cloak (worn)
 v - a +0 pair of gloves (worn)
Jewellery
 k - an amulet of guardian spirit (around neck)
 q - a ring of protection from fire (left hand)
Scrolls
 e - a scroll of enchant weapon {unknown}
 f - 2 scrolls of magic mapping {unknown}
 g - 5 scrolls of identify {unknown}
 h - a scroll of fear {unknown}
 j - a scroll of fog {unknown}
 l - a scroll of blinking {unknown}
 n - a scroll of remove curse {unknown}
 p - 2 scrolls of teleportation {unknown}
Potions
 o - a potion of berserk rage {unknown}
 t - a potion of flight {unknown}
Books
 c - a book of Maledictions

   Spells                             Type                      Level
   a - Corona                         Hexes                        1
   b - Ensorcelled Hibernation        Hexes/Ice                    2
   c - Confuse                        Hexes                        3
   d - Tukima's Dance                 Hexes                        3
   e - Dazzling Spray                 Conjuration/Hexes            3
Comestibles
 d - 5 rations
 u - 4 chunks of flesh


   Skills:
 - Level 2.0 Short Blades
 - Level 2.1 Dodging
 * Level 4.1 Stealth
 + Level 2.6 Spellcasting
 * Level 3.0 Hexes
 + Level 1.3 Ice Magic


You had 3 spell levels left.
You knew the following spells:

 Your Spells              Type           Power        Failure   Level  Hunger
a - Corona                Hex            ##.....      6%          1    #......
b - Ensorcelled Hibernat  Hex/Ice        #.....       13%         2    ###....
c - Confuse               Hex            ##......     19%         3    ###....


Dungeon Overview and Level Annotations

Branches:
Dungeon (3/15)

Altars:
Fedhas


Innate Abilities, Weirdness & Mutations

You have a beak for a mouth.
You have claws for feet.
You can fly.


Message History

You barely miss the orc priest. Your kick misses the orc priest.
The orc priest is moderately wounded.
The orc priest hits you but does no damage.
You hit the orc priest but do no damage.
You claw the orc priest.
The orc priest is severely wounded.
The orc priest hits you with a dagger.
You are too injured to fight recklessly!
Casting: Ensorcelled Hibernation
Confirm with . or Enter, or press ? or * to list all spells.
Aiming: Corona
Press: ? - help, Shift-Dir - straight line, f/p - orc priest
Aim: an orc priest, wielding a dagger and wearing a ring mail (severely wounded, chance to defeat MR: 47%)
The orc priest is outlined in light.
The orc priest barely misses you.
Unknown command.
You hit the orc priest. You claw the orc priest.
The orc priest is almost dead.
The orc priest calls down the wrath of Beogh upon you.
Pain shoots through your body!
You die...

#...)..#.........#.#####.# #.....
#......#.........#.......###.....
#......#.........######...##.....
#.########o.....o...(.....##.....
#†# #.############.#..#.....
#.########.# #.##)#.....
#........#.# #.##..o..oo
.......#.#.# ########..........
.#####.#.#.# #@.....#..#.......
...# #.#.#)#####o.....#..#(......
...# #.#.#.o..).......#..#.......
...###.#.#######......#..##...#..
...#...#.# ### #......#..###..#..
...#.###.# #.. .......#..#....#..
...#.#...# #.# #####.##÷......#..
...#.#.### #.###### ###.##....#
...#.#.# #......## #.. ....#


You could see an orc priest.

Vanquished Creatures
  An orc priest (D:3)
  Crazy Yiuf (D:2)
  4 adders (D:3)
  An ooze (D:1)
  An adder zombie (D:3)
  2 dart slugs
  3 leopard geckos (D:1)
  4 orcs (D:3)
  3 ball pythons (D:1)
  11 bats
  2 giant cockroaches
  5 goblins
  3 hobgoblins
  4 kobolds
  4 frilled lizards
  2 rats
  A fungus (D:2)
52 creatures vanquished.

Notes
Turn   | Place    | Note
-------+----------+-------------------------------------------
     0 | D:1      | mopl the Tengu Enchanter began the quest for the Orb.
     0 | D:1      | Reached XP level 1. HP: 10/10 MP: 4/4
   312 | D:1      | Reached XP level 2. HP: 15/15 MP: 6/6
   316 | D:1      | Learned a level 2 spell: Ensorcelled Hibernation
   756 | D:1      | Reached XP level 3. HP: 10/19 MP: 0/7
   824 | D:1      | Learned a level 3 spell: Confuse
  1019 | D:2      | Found a blossoming altar of Fedhas.
  1648 | D:2      | Found a runed door.
  1652 | D:2      | Noticed Crazy Yiuf
  1703 | D:2      | Killed Crazy Yiuf
  1703 | D:2      | Reached skill level 1 in Ice Magic
  1703 | D:2      | Reached XP level 4. HP: 24/24 MP: 0/8
  2001 | D:3      | Reached skill level 2 in Short Blades
  2182 | D:3      | Reached skill level 4 in Stealth
  2182 | D:3      | Gained mutation: You can fly. [Tengu growth]
  2182 | D:3      | Reached XP level 5. HP: 28/28 MP: 9/9
  2262 | D:3      | Reached skill level 3 in Hexes
  2318 | D:3      | Killed from afar by an orc priest

Skill      XL: |  1  2  3  4  5 |
---------------+----------------+-----
Ice Magic      | 1 |  1.3
Short Blades   | 2 |  2.0
Stealth        | 4 |  4.1
Hexes          | 3 |  3.0
Dodging        | |  2.1
Spellcasting   | |  2.6

Action                   |  1- 3 |  4- 6 || total
-------------------------+-------+-------++-------
Melee: Dagger            |    84 |    60 ||   144
       Peck              |     8 |     6 ||    14
       Kick              |    15 |    13 ||    28
 Cast: Ensorcelled Hiber |     3 |    12 ||    15
       Corona            |     1 |     2 ||     3
       Confuse           |     3 |       ||     3
 Stab: Sleeping          |    13 |     6 ||    19
  Eat: Chunk             |     2 |     4 ||     6
Armor: Robe              |    17 |    12 ||    29
Dodge: Dodged            |    39 |    33 ||    72
